 Dungeon Crawl Stone Soup version 0.23.2-1-ga50397a (webtiles) character file.

Game seed: 4013175241573406627

49 MalarOregon the Magician (level 3, -7/24 HPs)
             Began as a Merfolk Wizard on May 25, 2019.
             Mangled by Natasha (8 damage)
             ... on level 2 of the Dungeon.
             The game lasted 00:02:47 (1244 turns).

MalarOregon the Magician (Merfolk Wizard)           Turns: 1244, Time: 00:02:48

Health: -7/24      AC:  2    Str:  7    XL:     3   Next: 75%
Magic:  3/7        EV: 13    Int: 18    God:
Gold:   76         SH:  0    Dex: 12    Spells: 3/8 levels left

rFire    . . .     SeeInvis .   c - +0 dagger
rCold    . . .     Gourm    .   (no shield)
rNeg     . . .     Faith    .   a - +0 robe
rPois    .         Spirit   .   b - +0 hat
rElec    .         Reflect  .   (no cloak)
rCorr    .         Harm     .   (no gloves)
MR       .....                  (no boots)
Stlth    ++........             m - amulet of magic regeneration
HPRegen  0.08/turn              (no ring)
MPRegen  0.35/turn              (no ring)

@: no status effects
A: change form in water, swift swim, stealthy swim
a: no special abilities


You were on level 2 of the Dungeon.
You were very hungry.

You visited 1 branch of the dungeon, and saw 2 of its levels.

You collected 76 gold pieces.

Inventory:

Hand Weapons
 c - a +0 dagger (weapon)
   (You found it on level 1 of the Dungeon)
Armour
 a - a +0 robe (worn)
 b - a +0 hat (worn)
 n - a +0 buckler
   (You found it on level 2 of the Dungeon)
Jewellery
 m - an amulet of magic regeneration (around neck)
   (You found it on level 2 of the Dungeon)
Scrolls
 d - 3 scrolls of remove curse {unknown}
 g - 2 scrolls of teleportation {unknown}
 h - 2 scrolls of noise {unknown}
 j - a scroll of enchant armour {unknown}
 k - a scroll of identify {unknown}
Potions
 f - a potion of curing {unknown}
 i - a potion of haste {unknown}
 l - a potion of berserk rage {unknown}
Comestibles
 e - 2 rations {!d}


   Skills:
 - Level 3.0 Dodging
 + Level 2.8 Stealth
 * Level 1.1 Shields
 + Level 3.3 Spellcasting
 + Level 1.4 Conjurations
 - Level 1.0 Summonings
 - Level 1.0 Translocations


You had 3 spell levels left.
You knew the following spells:

 Your Spells              Type           Power        Failure   Level  Hunger
a - Magic Dart            Conj           #...         9%          1    None
b - Blink                 Tloc           N/A          16%         2    ##.....
x - Call Imp              Summ           #.......     16%         2    ##.....

Your spell library contained the following spells:

 Spells                   Type           Power        Failure   Level  Hunger
 Slow                     Hex            #.......     24%         2    ##.....
 Conjure Flame            Conj/Fire      #.......     34%         3    ###....
 Mephitic Cloud           Conj/Pois/Air  #.......     36%         3    ###....


Dungeon Overview and Level Annotations

Branches:
Dungeon (2/15)

Altars:

Annotations:
D:2 Natasha


Message History

Natasha barely misses your white imp.
Your white imp misses Natasha.
Your crimson imp barely misses Natasha.
Natasha closely misses your white imp.
Your white imp hits Natasha.
Your white imp freezes Natasha.
Your magical contamination has completely faded away.
Your crimson imp hits Natasha.
Natasha dies!
Natasha yowls pathetically as she dies!
Your Shields skill increases to level 1!
You start resting.
You start resting.
Your crimson imp disappears in a puff of smoke! x2
Natasha, Servant of Life and Death comes into view.
What are your orders? t - Shout!
Orders for allies: a - Attack new target. r - Retreat! s - Stop attacking. g - Guard the area. f - Follow me.
Anything else - Cancel.
Gang up on whom?
Aim: Natasha Attack!
Natasha misses your white imp.
Your white imp closely misses Natasha.
Natasha stares at you and mumbles some strange words.
The magic dart hits your white imp.
Your white imp gestures at Natasha.
The puff of frost misses Natasha.
Natasha claws your white imp.
Your white imp misses Natasha.
Natasha closely misses your white imp.
Your white imp hits Natasha but does no damage.
A beastly little devil appears in a puff of flame.
Your white imp disappears in a puff of smoke!
Natasha growls.
Natasha casts a spell at you. The magic dart hits you.
* * * LOW HITPOINT WARNING * * *
Natasha mewls in sadness.
Natasha claws your crimson imp but does no damage.
Your crimson imp closely misses Natasha.
A beastly little devil appears in a puff of flame.
Natasha claws your crimson imp!
Your crimson imp barely misses Natasha.
Natasha closely misses your crimson imp.
Your crimson imp closely misses Natasha.
A shadowy apparition takes form in the air.
Natasha misses your crimson imp.
Your crimson imp hits Natasha.
Your crimson imp blinks!
Your shadow imp barely misses Natasha.
Your crimson imp closely misses Natasha.
Your crimson imp blinks!
Natasha claws you!
You die...

######## #......#
######### #.####.#
#.......# #.#.##.#
#...@5..# #.#....#
#....h..#####[#.#####
#....5†...§..........
#...............#####
####+###........#
####+###........####
#.............#....##
#...w.........####...
#...>............<...


You could see Natasha, a friendly crimson imp and a friendly shadow imp.

Vanquished Creatures
  Natasha (D:2)
  A dart slug (D:1)
  2 giant cockroaches (D:1)
  3 hobgoblins
  A kobold (D:1)
  4 bats (D:1)
  A frilled lizard (D:1)
  A goblin (D:1)
  3 rats (D:1)
17 creatures vanquished.

Vanquished Creatures (collateral kills)
  Natasha (D:2)
  A worm (D:2)
2 creatures vanquished.

Grand Total: 19 creatures vanquished

Notes
Turn   | Place    | Note
-------+----------+-------------------------------------------
     0 | D:1      | MalarOregon the Merfolk Wizard began the quest for the Orb.
     0 | D:1      | Reached XP level 1. HP: 13/13 MP: 4/4
   371 | D:1      | Reached skill level 1 in Conjurations
   422 | D:1      | Reached XP level 2. HP: 5/19 MP: 0/6
  1105 | D:1      | Learned a level 2 spell: Call Imp
  1108 | D:1      | Learned a level 2 spell: Blink
  1164 | D:2      | Noticed Natasha
  1178 | D:2      | Killed Natasha
  1178 | D:2      | Reached skill level 1 in Translocations
  1178 | D:2      | Reached XP level 3. HP: 11/24 MP: 1/7
  1185 | D:2      | HP: 1/24 [worm (10)]
  1189 | D:2      | Noticed Natasha
  1211 | D:2      | Killed Natasha
  1211 | D:2      | Reached skill level 1 in Shields
  1231 | D:2      | Noticed Natasha
  1238 | D:2      | HP: 1/24 [Natasha/magic dart (5)]
  1244 | D:2      | Mangled by Natasha

Skill      XL: |  1  2  3 |
---------------+----------+-----
Conjurations   | 1 |  1.4
Dodging        | 3 |  3.0
Translocations | 1 |  1.0
Shields        | 1 |  1.1
Stealth        | |  2.8
Spellcasting   | |  3.3
Summonings     | |  1.0

Action                   || total
-------------------------++-------
Melee: Dagger            ||    61
 Cast: Magic Dart        ||    29
       Call Imp          ||     7
 Stab: Sleeping          ||     4
Armor: Robe              ||     7
Dodge: Dodged            ||    39
